 Dungeon Sprint DCSS version 0.16-a0-113-gc8d9654 (webtiles) character file.

54623 PolkaDot the Sensei (level 14, -3/182 HPs)
             Began as a Troll Monk on Aug 11, 2014.
             Was the Champion of Jiyva.
             Killed by divine providence
             ... invoked by Norris
              (17 damage)
             ... in the Dungeon (Sprint IX: "|||||||||||||||||||||||||||||").
             The game lasted 00:31:12 (2068 turns).

PolkaDot the Sensei (Troll Monk)                    Turns: 2068, Time: 00:31:13

HP  -3/182       AC 26     Str 21      XL: 14   Next: 35%
MP   5/5         EV 17     Int  4 (5)  God: Jiyva [******]
Gold 279         SH  0     Dex 23      Spells:  0 memorised, 13 levels left

rFire  + + .     SeeInvis .       - Unarmed
rCold  . . .     Clarity  .     y - +5 fire dragon armour
rNeg   . . .     rCorr    +     (shield restricted)
rPois  .         rRot     .     (helmet restricted)
rElec  +         Spirit   .     h - +2 cloak "Xaubob" {Slay+2}
SustAb .         Warding  .     (gloves unavailable)
rMut   .         NoTele   +     (boots unavailable)
Gourm  +                        i - amulet of Suicidal Tendencies {Faith Str+4 Int-1 Slay+4}
MR     +....                    o - +2 ring of evasion
                                w - ring of protection from cold

@: lethally poisoned, very slightly contaminated, somewhat resistant to hostile
enchantments, very unstealthy
A: unfitting armour, claws 3, hooves 1, thin metallic scales 1, agile 1, blink
1, fast metabolism 3, gourmand, sense surroundings 1, regeneration 3, robust 1,
saprovore 2, shaggy fur 1, electricity resistance, tough skin 2, acidic bite,
gelatinous body 1, translucent skin 2, tendrils, jelly absorbing missiles
a: Blink, Request Jelly, Jelly Paralyse, Slimify, Cure Bad Mutation, Renounce
Religion


You were in the Dungeon.
You worshipped Jiyva.
Jiyva was exalted by your worship.
You were completely stuffed.

You visited 1 branch You collected 1500 gold pieces.
You spent 1221 gold pieces at shops.

Inventory:

Missiles
 a - 9 large rocks (quivered)
Armour
 h - the +2 cloak "Xaubob" (worn) {Slay+2}
   (You acquired it in the Dungeon)

   It affects your accuracy and damage with ranged weapons and melee attacks
   (+2).
 y - a +5 fire dragon armour (worn)
Magical devices
 m - a wand of cold (7)
Comestibles
 b - 14 meat rations
 p - 40 fruits
 q - 12 bread rations
Scrolls
 k - 4 scrolls of remove curse
 l - 2 scrolls of amnesia
 r - 5 scrolls of enchant weapon
 t - a scroll of fog
 v - a scroll of immolation
 A - 2 scrolls of recharging
Jewellery
 i - the amulet of Suicidal Tendencies (around neck) {Faith Str+4 Int-1 Slay+4}
   (You bought it in a shop in the Dungeon)

   [amulet of faith]

   It allows you to gain divine favour quickly.
   It affects your strength (+4).
   It affects your intelligence (-1).
   It affects your accuracy and damage with ranged weapons and melee attacks
   (+4).
 j - an uncursed ring of protection from fire
 n - a +3 ring of intelligence
 o - a +2 ring of evasion (right claw)
 w - a ring of protection from cold (left claw)
 x - an uncursed ring of ice
Potions
 d - a potion of cure mutation {!q}
 f - 4 potions of magic
 s - a potion of restore abilities
 z - a potion of brilliance


   Skills:
 * Level 17.5 Fighting
 - Level 5.4 Throwing
 + Level 11.9 Armour
 - Level 10.0 Dodging
 - Level 1.1 Stealth
 + Level 26.2 Unarmed Combat


You had 13 spell levels left.
You didn't know any spells.

Dungeon Overview and Level Annotations

Branches:
Dungeon (1/1)

Altars:
Cheibriados
Dithmenos
Elyvilon
Fedhas
Gozag
Kikubaaqudgha
Makhleb
Nemelex Xobeh
Okawaru
Qazlal
Sif Muna
Trog
Vehumet
Xom
Yredelemnul
Zin
The Shining One
Beogh
Jiyva
Lugonu

Shops:
D }[?=

Annotations:
D Norris, Sonja


Innate Abilities, Weirdness & Mutations

You are too large for most types of armour.
You have claws for hands.
Your metabolism is lightning-fast.
You like to eat raw meat.
You regenerate.
You can eat rotten meat.
You are covered in fur (AC +1).
You have very tough skin (AC +2).
You have large cloven feet.
You are partially covered in thin metallic scales (AC +2).
You are agile. (Dex +2)
You can translocate small distances at will.
You passively map a small area around you.
You are robust (+10% HP).
You are resistant to electric shocks.
You have acidic saliva.
Your rubbery body absorbs attacks (AC +1).
Your skin is mostly translucent (Stealth).
Thin tendrils of slime have grown from your body.
You have a small jelly attached to you that may absorb incoming projectiles.


Message History

Something bites you!
* * * LOW HITPOINT WARNING * * *
Something draws strength from your injuries!
A lost soul flickers into view.
You claw the Orb Guardian! Your kick misses the Orb Guardian.
Your bite misses the Orb Guardian.
The Orb Guardian is moderately wounded.
You hear some strange, mumbled words.
Something smites you!
* * * LOW HITPOINT WARNING * * *
The Orb Guardian barely misses you. Something barely misses you.
Something bites you!
* * * LOW HITPOINT WARNING * * *
Something draws strength from your injuries!
A lost soul flickers into view.
You mangle the Orb Guardian!! You kick the Orb Guardian.
You bite the Orb Guardian, but do no damage.
The Orb Guardian is heavily wounded.
You hear some strange, mumbled words.
Something smites you!
You die...

.▓.▓.▓.▓.▓.▓.▓.▓.▓ ∆
.▓.▓.▓.▓.▓.▓'▓.▓.▓ ∆
.▓.▓.▓.▓.▓.▓.▓.▓.▓ ∆
.▓.▓.▓.▓.▓.▓.▓.▓.▓
.▓.▓.▓.▓.▓.▓.▓.▓.▓ *
.▓.▓.▓.▓.▓.▓.▓.▓.▓ * *
, .▓.▓'▓.▓.▓.▓.▓.▓.▓,
∆ , .▓.▓J▓.▓.▓.▓.▓.▓.▓
∆* .▓.▓.▓.▓.▓.▓.▓.▓@▓,
∆ *
.▓.▓.▓.▓.▓.▓.▓.▓X▓,*∆*
* .▓.▓.▓.▓.▓.▓J▓.▓(▓
*∆ .▓.▓.▓.▓.▓.♣.♣.▓)▓
∆* .▓.▓∩▓.▓J▓.♣.♣.▓p▓
.▓.▓.▓.▓.▓.♣.♣.▓W▓
.▓.▓∩▓.▓.▓.♣.♣.▓e▓ *
.▓.▓.▓.▓.▓.♣J♣.▓*▓ ∆
.▓.▓∩▓.▓.▓.♣J♣.▓.▓ ∆ *


You could see an Orb Guardian, a deep elf death mage, an ironbrand convoker, a
freezing wraith and a lost soul.

Vanquished Creatures
  Kirke (D)
  2 greater nagas (D)
  An iron dragon (D)
  2 vault wardens (D)
  A spriggan defender (D)
  A very ugly thing (D)
  3 stone giants (D)
  A vampire knight (D)
  A dire elephant (D)
  An ettin (D)
  A minotaur (D)
  A fire dragon (D)
  2 yaktaur captains (D)
  8 ogre magi (D)
  2 rakshasas (D)
  2 ice dragons (D)
  2 naga warriors (D)
  2 centaur warriors (D)
  Erica (D)
  2 death yaks (D)
  A deep troll earth mage (D)
  A satyr (D)
  A naga sharpshooter (D)
  3 unseen horrors (D)
  An orb spider (D)
  2 deep trolls (D)
  A naga ritualist (D)
  4 orc knights (D)
  4 hill giants (D)
  2 ironbrand convokers (D)
  4 red wasps (D)
  A cyclops (shapeshifter) (D)
  2 griffons (D)
  A water nymph (D)
  2 wolf spiders (D)
  A manticore (D)
  A mermaid (D)
  A black mamba (D)
  2 naga magi (D)
  5 spiny frogs (D)
  3 yaktaurs (D)
  A komodo dragon (D)
  3 merfolk (D)
  3 trolls (D)
  A polar bear (D)
  A deep elf mage (D)
  A bog body (D)
  A trapdoor spider (D)
  A tarantella (shapeshifter) (D)
  A redback (D)
  A water elemental (D)
  2 shadows (D)
  A wraith (D)
  Eustachio (D)
  A tarantella (D)
  3 humans (D)
  2 yaks (D)
  2 hogs (D)
  A hungry ghost (D)
  A vampire mosquito (D)
  A hippogriff (D)
  3 water moccasins (D)
  A sky beast (D)
  2 porcupines (D)
  9 orc warriors (D)
  A swamp drake (D)
  3 crocodiles (D)
  A scorpion (D)
  A hound (D)
  6 orc wizards (D)
  A sheep (D)
  3 adders (D)
  10 orcs (D)
  A ball python (D)
  A giant cockroach (D)
  A goblin (D)
  2 hobgoblins (D)
  A quokka (D)
  A goblin skeleton (D)
  A goblin zombie (D)
  A kobold (D)
  A rat (D)
160 creatures vanquished.

Vanquished Creatures (collateral kills)
  2 death yaks (D)
  3 catoblepae (D)
  A yak (D)
  An orc wizard (D)
7 creatures vanquished.

Vanquished Creatures (others)
  2 great orbs of eyes (D)
  A catoblepas (D)
  A necromancer (D)
  A fire drake (D)
  2 slime creatures (D)
  A crimson imp (D)
  14 jellies (D)
  A plant (D)
23 creatures vanquished.

Grand Total: 190 creatures vanquished

Notes
Turn   | Place    | Note
--------------------------------------------------------------
     0 | D        | PolkaDot, the Troll Monk, began the quest for the Orb.
     0 | D        | Reached XP level 1. HP: 22/22 MP: 1/1
    11 | D        | Reached skill level 5 in Unarmed Combat
    72 | D        | Noticed an orc wizard
    82 | D        | Reached skill level 6 in Unarmed Combat
    82 | D        | Reached XP level 2. HP: 29/29 MP: 1/1
    84 | D        | Killed an orc wizard
    84 | D        | Reached skill level 7 in Unarmed Combat
    84 | D        | Reached XP level 3. HP: 27/36 MP: 2/2
    87 | D        | Reached skill level 8 in Unarmed Combat
   113 | D        | Found a glowing silver altar of Zin.
   113 | D        | Found a glowing golden altar of the Shining One.
   113 | D        | Found an ancient bone altar of Kikubaaqudgha.
   113 | D        | Found a basalt altar of Yredelemnul.
   113 | D        | Found a shimmering altar of Xom.
   113 | D        | Found a radiant altar of Vehumet.
   113 | D        | Found an iron altar of Okawaru.
   114 | D        | Found a burning altar of Makhleb.
   115 | D        | Found a deep blue altar of Sif Muna.
   116 | D        | Found a bloodstained altar of Trog.
   117 | D        | Found a sparkling altar of Nemelex Xobeh.
   118 | D        | Found a white marble altar of Elyvilon.
   119 | D        | Found a roughly hewn altar of Beogh.
   120 | D        | Found a viscous altar of Jiyva.
   121 | D        | Found a corrupted altar of Lugonu.
   122 | D        | Found a blossoming altar of Fedhas.
   123 | D        | Found a snail-covered altar of Cheibriados.
   124 | D        | Found a shadowy altar of Dithmenos.
   125 | D        | Found a stormy altar of Qazlal.
   126 | D        | Found an opulent altar of Gozag.
   185 | D        | Became a worshipper of Jiyva Jarghej the Shapeless
   185 | D        | Acquired Jiyva's first power
   185 | D        | Acquired Jiyva's second power
   233 | D        | Gained mutation: Your muscles are strong. (Str +2) [Jiyva's grace]
   233 | D        | Acquired Jiyva's third power
   271 | D        | Noticed a wraith
   271 | D        | Noticed an orc warrior
   271 | D        | Noticed a crimson imp
   271 | D        | Noticed an orc wizard
   271 | D        | Lost mutation: Your muscles are strong. (Str +2) [Jiyva's grace]
   273 | D        | Acquired Jiyva's fourth power
   275 | D        | Gained mutation: Your system is resistant to poisons. [Jiyva's grace]
   275 | D        | Gained mutation: Your vision is a little blurry. [Jiyva's grace]
   275 | D        | Gained mutation: You have a small jelly attached to you that may absorb incoming projectiles. [Jiyva's grace]
   275 | D        | Gained mutation: You have a small jelly attached to you that senses nearby items. [Jiyva's grace]
   275 | D        | Gained mutation: You are partially covered in large bone plates (AC +2, SH +2). [Jiyva's grace]
   276 | D        | Gained mutation: You can breathe flames. [Jiyva's grace]
   278 | D        | Killed an orc wizard
   278 | D        | Gained mutation: Your mind is acute. (Int +2) [Jiyva's grace]
   280 | D        | Killed a wraith
   280 | D        | Reached skill level 12 in Unarmed Combat
   280 | D        | Reached XP level 4. HP: 31/44 MP: 2/2
   280 | D        | Reached XP level 5. HP: 35/50 MP: 2/2
   284 | D        | Killed a crimson imp
   287 | D        | Killed an orc warrior
   287 | D        | Reached XP level 6. HP: 26/61 MP: 3/3
   300 | D        | Gained mutation: Your rubbery body absorbs attacks (AC +1). [Jiyva's grace]
   303 | D        | Noticed a deep elf mage
   303 | D        | Noticed a hill giant
   303 | D        | Noticed a sky beast
   303 | D        | Noticed a crocodile
   307 | D        | Killed a deep elf mage
   307 | D        | Reached skill level 5 in Fighting
   307 | D        | Reached skill level 13 in Unarmed Combat
   312 | D        | Killed a hill giant
   312 | D        | Reached skill level 15 in Unarmed Combat
   312 | D        | Reached XP level 7. HP: 67/76 MP: 3/3
   317 | D        | Killed a sky beast
   317 | D        | Reached XP level 8. HP: 76/87 MP: 3/3
   324 | D        | Killed a crocodile
   328 | D        | Gained mutation: You possess an exceptional clarity of mind. [Jiyva's grace]
   328 | D        | Gained mutation: Your skin is partially translucent. [Jiyva's grace]
   329 | D        | Gained mutation: You are frail (-10% HP). [Jiyva's grace]
   436 | D        | Noticed a crocodile
   436 | D        | Noticed a crocodile
   436 | D        | Noticed a hound
   436 | D        | Noticed a spiny frog
   436 | D        | Noticed a porcupine
   445 | D        | Killed a crocodile
   451 | D        | Killed a crocodile
   457 | D        | Killed a hound
   460 | D        | Killed a spiny frog
   460 | D        | Reached skill level 16 in Unarmed Combat
   463 | D        | Noticed a polar bear
   465 | D        | Lost mutation: You are frail (-10% HP). [Jiyva's grace]
   465 | D        | Gained mutation: You have acidic saliva. [Jiyva's grace]
   466 | D        | Gained mutation: You have large cloven feet. [Jiyva's grace]
   467 | D        | Killed a porcupine
   472 | D        | Killed a polar bear
   474 | D        | Noticed a yak
   475 | D        | Gained mutation: Your flesh is cold resistant. [Jiyva's grace]
   477 | D        | Lost mutation: Your system is resistant to poisons. [Jiyva's grace]
   481 | D        | Killed a yak
   481 | D        | Reached XP level 9. HP: 75/97 MP: 4/4
   485 | D        | Gained mutation: You have a pair of small horns on your head. [Jiyva's grace]
   488 | D        | Noticed a spiny frog
   488 | D        | Noticed a water moccasin
   488 | D        | Noticed a porcupine
   488 | D        | Noticed a yak
   488 | D        | Noticed a spiny frog
   488 | D        | Noticed a six-headed hydra
   493 | D        | Noticed a fire drake
   495 | D        | Killed a spiny frog
   495 | D        | Reached skill level 5 in Dodging
   495 | D        | Reached skill level 17 in Unarmed Combat
   496 | D        | Killed a water moccasin
   497 | D        | Noticed a komodo dragon
   498 | D        | Killed a porcupine
   500 | D        | Killed a yak
   502 | D        | Killed a spiny frog
   504 | D        | Noticed an azure jelly
   504 | D        | a six-headed hydra changed into an azure jelly
   505 | D        | Lost mutation: Your rubbery body absorbs attacks (AC +1). [Jiyva's grace]
   505 | D        | Killed a fire drake
   510 | D        | Killed a komodo dragon
   515 | D        | Gained mutation: Your body is partially covered in golden eyeballs (Acc +3). [Jiyva's grace]
   613 | D        | Noticed a death yak
   613 | D        | Noticed a yak
   613 | D        | Noticed a catoblepas
   613 | D        | Noticed a catoblepas
   613 | D        | Noticed a catoblepas
   613 | D        | Noticed a death yak
   613 | D        | Noticed a death yak
   672 | D        | Killed a death yak
   672 | D        | Reached skill level 18 in Unarmed Combat
   676 | D        | Killed a catoblepas
   676 | D        | Reached XP level 10. HP: 23/109 MP: 4/4
   676 | D        | Killed a catoblepas
   680 | D        | Killed a catoblepas
   680 | D        | Reached skill level 10 in Fighting
   681 | D        | Killed a yak
   683 | D        | Killed a death yak
   685 | D        | Killed a death yak
   701 | D        | Gained mutation: You have hoof-like feet. [Jiyva's grace]
   702 | D        | Gained mutation: You are robust (+10% HP). [Jiyva's grace]
   703 | D        | Lost mutation: Your vision is a little blurry. [Jiyva's grace]
   705 | D        | Noticed a catoblepas
   716 | D        | Killed a catoblepas
   725 | D        | Gained mutation: You can breathe fire. [Jiyva's grace]
   754 | D        | Lost mutation: You possess an exceptional clarity of mind. [Jiyva's grace]
   796 | D        | Noticed Eustachio
   802 | D        | Killed Eustachio
   811 | D        | Noticed Sonja
   823 | D        | Gained mutation: Your flesh is heat resistant. [Jiyva's grace]
   827 | D        | Noticed Sonja
   827 | D        | Sonja changed into Sonja the slime creature
   959 | D        | Noticed an orc wizard
   959 | D        | Noticed an orc wizard
   961 | D        | Noticed an orc knight
   962 | D        | Killed an orc wizard
   964 | D        | Noticed an orc wizard
   967 | D        | Killed an orc wizard
   967 | D        | Reached skill level 19 in Unarmed Combat
   968 | D        | Noticed an orc wizard
   976 | D        | Noticed an orc knight
   978 | D        | Killed an orc knight
   979 | D        | Killed an orc wizard
   983 | D        | Killed an orc wizard
   996 | D        | Killed an orc knight
  1037 | D        | Noticed an orc warrior
  1037 | D        | Noticed an orc warrior
  1037 | D        | Noticed an orc warrior
  1037 | D        | Noticed an orc knight
  1037 | D        | Noticed an orc knight
  1037 | D        | Noticed an orc warrior
  1038 | D        | Noticed an orc warrior
  1040 | D        | Lost mutation: You have a pair of small horns on your head. [Jiyva's grace]
  1041 | D        | Killed an orc warrior
  1041 | D        | Gained mutation: You have a pair of small horns on your head. [Jiyva's grace]
  1045 | D        | Gained mutation: You have a pair of horns on your head. [Jiyva's grace]
  1045 | D        | Lost mutation: You have hoof-like feet. [Jiyva's grace]
  1046 | D        | Lost mutation: You are partially covered in large bone plates (AC +2, SH +2). [Jiyva's grace]
  1046 | D        | Lost mutation: Your flesh is heat resistant. [Jiyva's grace]
  1047 | D        | Killed an orc warrior
  1048 | D        | Noticed an orc warrior
  1049 | D        | Killed an orc knight
  1050 | D        | Killed an orc warrior
  1050 | D        | Lost mutation: Your flesh is cold resistant. [Jiyva's grace]
  1051 | D        | Noticed an orc warrior
  1053 | D        | Noticed an orc wizard
  1054 | D        | Lost mutation: You have a pair of horns on your head. [Jiyva's grace]
  1055 | D        | Noticed an orc warrior
  1061 | D        | Killed an orc knight
  1063 | D        | Killed an orc warrior
  1064 | D        | Killed an orc warrior
  1064 | D        | Reached XP level 11. HP: 41/132 MP: 4/4
  1068 | D        | Killed an orc warrior
  1072 | D        | Killed an orc warrior
  1074 | D        | Killed an orc warrior
  1076 | D        | Killed an orc wizard
  1077 | D        | Lost mutation: Your skin is partially translucent. [Jiyva's grace]
  1077 | D        | Lost mutation: You are robust (+10% HP). [Jiyva's grace]
  1077 | D        | Lost mutation: You can breathe fire. [Jiyva's grace]
  1078 | D        | Lost mutation: You have acidic saliva. [Jiyva's grace]
  1078 | D        | Lost mutation: Your mind is acute. (Int +2) [Jiyva's grace]
  1079 | D        | Gained mutation: You can spit poison. [Jiyva's grace]
  1079 | D        | Lost mutation: You have a small jelly attached to you that may absorb incoming projectiles. [Jiyva's grace]
  1080 | D        | Gained mutation: Your rubbery body absorbs attacks (AC +1). [Jiyva's grace]
  1080 | D        | Lost mutation: You have large cloven feet. [Jiyva's grace]
  1080 | D        | Gained mutation: You are partially covered in icy blue scales (AC +1). [Jiyva's grace]
  1081 | D        | Lost mutation: You have a pair of small horns on your head. [Jiyva's grace]
  1081 | D        | Gained mutation: You are weak. (Str -2) [Jiyva's grace]
  1081 | D        | Gained mutation: Armour fits poorly on your pseudopods. [Jiyva's grace]
  1081 | D        | Lost mutation: You have a small jelly attached to you that senses nearby items. [Jiyva's grace]
  1082 | D        | Lost mutation: You can breathe flames. [Jiyva's grace]
  1083 | D        | Gained mutation: Your system is resistant to poisons. [Jiyva's grace]
  1083 | D        | Lost mutation: Armour fits poorly on your pseudopods. [Jiyva's grace]
  1083 | D        | Gained mutation: You can spit moderately strong poison. [Jiyva's grace]
  1089 | D        | Found Jiekkit's Gadget Emporium.
  1089 | D        | Noticed an ogre mage
  1089 | D        | Noticed a hill giant
  1089 | D        | Noticed a troll
  1089 | D        | Noticed an ogre mage
  1089 | D        | Noticed an ogre mage
  1089 | D        | Noticed a troll
  1090 | D        | Found Saus' Antique Armour Shoppe.
  1092 | D        | Noticed a deep troll
  1099 | D        | Killed an ogre mage
  1099 | D        | Reached skill level 5 in Throwing
  1099 | D        | Reached skill level 20 in Unarmed Combat
  1104 | D        | Killed a hill giant
  1106 | D        | Killed a troll
  1114 | D        | Killed an ogre mage
  1119 | D        | Killed a troll
  1120 | D        | Found Smint's Magic Scroll Emporium.
  1121 | D        | Gained mutation: Thin tendrils of slime have grown from your body. [Jiyva's grace]
  1123 | D        | Lost mutation: You can spit moderately strong poison. [Jiyva's grace]
  1124 | D        | Killed an ogre mage
  1124 | D        | Lost mutation: Your body is partially covered in golden eyeballs (Acc +3). [Jiyva's grace]
  1125 | D        | Noticed an ogre mage
  1126 | D        | Gained mutation: Your skin is partially translucent. [Jiyva's grace]
  1128 | D        | Gained mutation: You have a beak for a mouth. [Jiyva's grace]
  1130 | D        | Gained mutation: Armour fits poorly on your pseudopods. [Jiyva's grace]
  1131 | D        | Noticed an ogre mage
  1131 | D        | Killed a deep troll
  1132 | D        | Found Wioma's Jewellery Shoppe.
  1135 | D        | Gained mutation: You have a small jelly attached to you that may absorb incoming projectiles. [Jiyva's grace]
  1136 | D        | Noticed a hill giant
  1141 | D        | Killed an ogre mage
  1141 | D        | Reached skill level 21 in Unarmed Combat
  1142 | D        | Noticed a deep troll
  1143 | D        | Noticed a troll
  1149 | D        | Killed a hill giant
  1152 | D        | Killed an ogre mage
  1153 | D        | Noticed an ogre mage
  1154 | D        | Gained mutation: Your mind is acute. (Int +2) [Jiyva's grace]
  1154 | D        | Lost mutation: Your mind is acute. (Int +2) [Jiyva's grace]
  1155 | D        | Killed a deep troll
  1156 | D        | Gained mutation: Your body is slowly deteriorating. [Jiyva's grace]
  1159 | D        | Killed a troll
  1162 | D        | Killed an ogre mage
  1165 | D        | Gained mutation: You can spit moderately strong poison. [Jiyva's grace]
  1166 | D        | Gained mutation: You evolve. [Jiyva's grace]
  1181 | D        | Bought a scroll of acquirement for 520 gold pieces
  1183 | D        | Got a brightly glowing cloak
  1195 | D        | Identified the +2 cloak "Xaubob" {Slay+2} (You acquired it in the Dungeon)
  1206 | D        | Bought the amulet of Suicidal Tendencies {Faith Str+4 Int-1 Slay+4} for 701 gold pieces
  1272 | D        | Noticed Erica
  1282 | D        | Killed Erica
  1282 | D        | Reached skill level 10 in Dodging
  1288 | D        | Gained mutation: You have acidic saliva. [Jiyva's grace]
  1343 | D        | Lost mutation: Your rubbery body absorbs attacks (AC +1). [Jiyva's grace]
  1344 | D        | Gained mutation: You are mostly covered in icy blue scales (AC +3, EV -1). [Jiyva's grace]
  1345 | D        | Lost mutation: You are weak. (Str -2) [Jiyva's grace]
  1346 | D        | Lost mutation: Armour fits poorly on your pseudopods. [Jiyva's grace]
  1346 | D        | Gained mutation: You can breathe flames. [Jiyva's grace]
  1347 | D        | Gained mutation: You are covered in thick fur (AC +2). [Jiyva's grace]
  1348 | D        | Gained mutation: Your mind is acute. (Int +2) [Jiyva's grace]
  1351 | D        | Lost mutation: You have acidic saliva. [Jiyva's grace]
  1355 | D        | Lost mutation: Your system is resistant to poisons. [Jiyva's grace]
  1355 | D        | Lost mutation: Your skin is partially translucent. [Jiyva's grace]
  1356 | D        | Gained mutation: You have sharp toenails. [Jiyva's grace]
  1357 | D        | Lost mutation: You are mostly covered in icy blue scales (AC +3, EV -1). [Jiyva's grace]
  1358 | D        | Lost mutation: Your body is slowly deteriorating. [Jiyva's grace]
  1360 | D        | Lost mutation: Your mind is acute. (Int +2) [Jiyva's grace]
  1360 | D        | Gained mutation: You are partially covered in molten scales (AC +1). [Jiyva's grace]
  1379 | D        | Noticed a hungry ghost
  1379 | D        | Noticed a hippogriff
  1379 | D        | Noticed a shadow
  1379 | D        | Noticed a centaur warrior
  1379 | D        | Noticed a hill giant
  1380 | D        | Killed a hungry ghost
  1380 | D        | Reached XP level 12. HP: 133/133 MP: 5/5
  1382 | D        | Noticed a shadow
  1383 | D        | Killed an unseen horror
  1383 | D        | Reached skill level 1 in Armour
  1385 | D        | Killed a hippogriff
  1387 | D        | Killed a shadow
  1388 | D        | Killed a centaur warrior
  1388 | D        | Reached skill level 22 in Unarmed Combat
  1389 | D        | Noticed an ice dragon
  1390 | D        | Killed an unseen horror
  1393 | D        | Killed a hill giant
  1396 | D        | Killed a shadow
  1397 | D        | Noticed an ettin
  1398 | D        | Noticed a stone giant
  1398 | D        | Noticed an ogre mage
  1401 | D        | Killed an ice dragon
  1401 | D        | Gained mutation: Your system is resistant to poisons. [Jiyva's grace]
  1405 | D        | Killed an ettin
  1407 | D        | Lost mutation: You are partially covered in icy blue scales (AC +1). [Jiyva's grace]
  1409 | D        | Killed a stone giant
  1410 | D        | Noticed a dire elephant
  1411 | D        | Noticed a fire dragon
  1412 | D        | Noticed a yaktaur
  1412 | D        | Gained mutation: You possess an exceptional clarity of mind. [Jiyva's grace]
  1412 | D        | Gained mutation: You have an increased reservoir of magic (+10% MP). [Jiyva's grace]
  1412 | D        | Lost mutation: You can spit moderately strong poison. [Jiyva's grace]
  1418 | D        | Killed a dire elephant
  1418 | D        | Reached skill level 5 in Armour
  1422 | D        | Killed a fire dragon
  1422 | D        | Reached skill level 23 in Unarmed Combat
  1425 | D        | Killed an ogre mage
  1427 | D        | Killed a yaktaur
  1432 | D        | Gained mutation: You have acidic saliva. [Jiyva's grace]
  1434 | D        | Lost mutation: You can spit poison. [Jiyva's grace]
  1434 | D        | Lost mutation: You have sharp toenails. [Jiyva's grace]
  1551 | D        | Noticed a griffon
  1551 | D        | Noticed a satyr
  1551 | D        | Noticed a water elemental
  1551 | D        | Noticed a mermaid
  1551 | D        | Noticed a merfolk
  1551 | D        | Noticed a water nymph
  1551 | D        | Noticed a manticore
  1553 | D        | Killed a griffon
  1554 | D        | Noticed a merfolk
  1555 | D        | Noticed a merfolk
  1558 | D        | Killed a satyr
  1560 | D        | Killed a water elemental
  1560 | D        | Lost mutation: You possess an exceptional clarity of mind. [Jiyva's grace]
  1560 | D        | Gained mutation: You can translocate small distances at will. [Jiyva's grace]
  1563 | D        | Killed a merfolk
  1564 | D        | Gained mutation: Your muscles are strong. (Str +2) [Jiyva's grace]
  1566 | D        | Gained mutation: Your body is partially covered in golden eyeballs (Acc +3). [Jiyva's grace]
  1567 | D        | Killed a water nymph
  1569 | D        | Killed a mermaid
  1569 | D        | Lost mutation: You have acidic saliva. [Jiyva's grace]
  1573 | D        | Killed a manticore
  1575 | D        | Gained mutation: You have acidic saliva. [Jiyva's grace]
  1575 | D        | Lost mutation: You have acidic saliva. [Jiyva's grace]
  1577 | D        | Lost mutation: Your muscles are strong. (Str +2) [Jiyva's grace]
  1579 | D        | Lost mutation: You have a beak for a mouth. [Jiyva's grace]
  1581 | D        | Killed a merfolk
  1585 | D        | Killed a merfolk
  1587 | D        | Gained mutation: You have a small jelly attached to you that senses nearby items. [Jiyva's grace]
  1588 | D        | Noticed a black mamba
  1588 | D        | Noticed a naga mage
  1588 | D        | Noticed a naga warrior
  1588 | D        | Noticed a naga warrior
  1588 | D        | Noticed a greater naga
  1588 | D        | Noticed a naga sharpshooter
  1588 | D        | Noticed a naga ritualist
  1588 | D        | Lost mutation: You can breathe flames. [Jiyva's grace]
  1588 | D        | Lost mutation: You have a small jelly attached to you that senses nearby items. [Jiyva's grace]
  1590 | D        | Noticed a greater naga
  1591 | D        | Gained mutation: You are clumsy. (Dex -2) [Jiyva's grace]
  1592 | D        | Gained mutation: You are frail (-10% HP). [Jiyva's grace]
  1594 | D        | Gained mutation: You are resistant to electric shocks. [Jiyva's grace]
  1599 | D        | Killed a black mamba
  1600 | D        | Noticed a naga mage
  1600 | D        | Lost mutation: Your body is partially covered in golden eyeballs (Acc +3). [Jiyva's grace]
  1603 | D        | Killed a greater naga
  1603 | D        | Reached XP level 13. HP: 53/131 MP: 5/5
  1604 | D        | Lost mutation: You evolve. [Jiyva's grace]
  1607 | D        | Gained mutation: You have large cloven feet. [Jiyva's grace]
  1612 | D        | Killed a naga warrior
  1614 | D        | Lost mutation: You are clumsy. (Dex -2) [Jiyva's grace]
  1614 | D        | Lost mutation: Your system is resistant to poisons. [Jiyva's grace]
  1615 | D        | Gained mutation: You are good at translocating small distances at will. [Jiyva's grace]
  1617 | D        | Gained mutation: You are partially covered in iridescent scales (AC +4). [Jiyva's grace]
  1629 | D        | Killed a greater naga
  1629 | D        | Reached skill level 24 in Unarmed Combat
  1633 | D        | Killed a naga warrior
  1636 | D        | Killed a naga mage
  1638 | D        | Gained mutation: Your body is partially covered in golden eyeballs (Acc +3). [Jiyva's grace]
  1638 | D        | Gained mutation: Your body is mostly covered in golden eyeballs (Acc +5). [Jiyva's grace]
  1641 | D        | Gained mutation: You can breathe flames. [Jiyva's grace]
  1642 | D        | Killed a naga sharpshooter
  1647 | D        | Killed a naga ritualist
  1650 | D        | Killed a naga mage
  1650 | D        | Gained mutation: Your muscles are strong. (Str +2) [Jiyva's grace]
  1650 | D        | Lost mutation: You are resistant to electric shocks. [Jiyva's grace]
  1650 | D        | Lost mutation: Your muscles are strong. (Str +2) [Jiyva's grace]
  1654 | D        | Lost mutation: You are frail (-10% HP). [Jiyva's grace]
  1654 | D        | Lost mutation: You have a small jelly attached to you that may absorb incoming projectiles. [Jiyva's grace]
  1654 | D        | Gained mutation: You have a pair of small antennae on your head. [Jiyva's grace]
  1654 | D        | Gained mutation: You have a small jelly attached to you that may absorb incoming projectiles. [Jiyva's grace]
  1655 | D        | Gained mutation: Armour fits poorly on your pseudopods. [Jiyva's grace]
  1655 | D        | Gained mutation: Your rubbery body absorbs attacks (AC +1). [Jiyva's grace]
  1656 | D        | Noticed a tarantella
  1656 | D        | Noticed a scorpion
  1656 | D        | Noticed a wolf spider
  1656 | D        | Noticed a wolf spider
  1656 | D        | Noticed a redback
  1656 | D        | Noticed a red wasp
  1656 | D        | Noticed a red wasp
  1657 | D        | Killed a tarantella
  1658 | D        | Noticed an orb spider
  1660 | D        | Killed a wolf spider
  1664 | D        | Killed a wolf spider
  1665 | D        | Killed a redback
  1668 | D        | Killed a scorpion
  1670 | D        | Paralysed by a red wasp for 2 turns
  1673 | D        | Killed a red wasp
  1674 | D        | Killed a red wasp
  1679 | D        | Lost mutation: Armour fits poorly on your pseudopods. [Jiyva's grace]
  1679 | D        | Lost mutation: Your rubbery body absorbs attacks (AC +1). [Jiyva's grace]
  1681 | D        | Noticed a trapdoor spider
  1683 | D        | Killed an orb spider
  1684 | D        | Killed a trapdoor spider
  1685 | D        | Lost mutation: Your body is mostly covered in golden eyeballs (Acc +5). [Jiyva's grace]
  1686 | D        | Lost mutation: You are good at translocating small distances at will. [Jiyva's grace]
  1687 | D        | Gained mutation: You are frail (-10% HP). [Jiyva's grace]
  1688 | D        | Gained mutation: Your muscles are strong. (Str +2) [Jiyva's grace]
  1690 | D        | Lost mutation: You have a small jelly attached to you that may absorb incoming projectiles. [Jiyva's grace]
  1691 | D        | Lost mutation: Thin tendrils of slime have grown from your body. [Jiyva's grace]
  1691 | D        | Lost mutation: You have a pair of small antennae on your head. [Jiyva's grace]
  1692 | D        | Lost mutation: Your body is partially covered in golden eyeballs (Acc +3). [Jiyva's grace]
  1692 | D        | Lost mutation: Your muscles are strong. (Str +2) [Jiyva's grace]
  1693 | D        | Lost mutation: You are covered in thick fur (AC +2). [Jiyva's grace]
  1698 | D        | Lost mutation: You have large cloven feet. [Jiyva's grace]
  1698 | D        | Gained mutation: You are somewhat resistant to further mutation. [Jiyva's grace]
  1699 | D        | Lost mutation: You are frail (-10% HP). [Jiyva's grace]
  1700 | D        | Gained mutation: Your spells are a little harder to cast, but a little more powerful. [Jiyva's grace]
  1700 | D        | Gained mutation: Armour fits poorly on your pseudopods. [Jiyva's grace]
  1701 | D        | Gained mutation: Your rubbery body absorbs attacks (AC +1). [Jiyva's grace]
  1701 | D        | Lost mutation: You are somewhat resistant to further mutation. [Jiyva's grace]
  1703 | D        | Lost mutation: Armour fits poorly on your pseudopods. [Jiyva's grace]
  1757 | D        | Noticed a vampire mosquito
  1757 | D        | Noticed a spiny frog
  1757 | D        | Noticed a water moccasin
  1757 | D        | Noticed a swamp drake
  1757 | D        | Noticed a water moccasin
  1757 | D        | Noticed a red wasp
  1757 | D        | Noticed a bog body
  1759 | D        | Killed a vampire mosquito
  1762 | D        | Was placed under penance by Jiyva
  1764 | D        | Killed a spiny frog
  1764 | D        | Reached skill level 15 in Fighting
  1766 | D        | Killed a water moccasin
  1769 | D        | Killed a swamp drake
  1771 | D        | Killed a water moccasin
  1775 | D        | Noticed a spiny frog
  1776 | D        | Was forgiven by Jiyva
  1776 | D        | Gained mutation: You are somewhat resistant to further mutation. [Jiyva's grace]
  1778 | D        | Killed a red wasp
  1780 | D        | Killed a bog body
  1787 | D        | Killed a spiny frog
  1789 | D        | Gained mutation: You have a small jelly attached to you that senses nearby items. [Jiyva's grace]
  1815 | D        | Noticed Kirke
  1815 | D        | Noticed a hog
  1815 | D        | Noticed a hog
  1815 | D        | Noticed a hog
  1816 | D        | Noticed a hog
  1817 | D        | Noticed a hog
  1818 | D        | Killed a hog
  1820 | D        | Noticed a hog
  1820 | D        | Killed a hog
  1826 | D        | Killed Kirke
  1826 | D        | Reached skill level 25 in Unarmed Combat
  1830 | D        | Killed a human
  1830 | D        | Lost mutation: You are somewhat resistant to further mutation. [Jiyva's grace]
  1833 | D        | Killed a human
  1837 | D        | Lost mutation: You are partially covered in molten scales (AC +1). [Jiyva's grace]
  1837 | D        | Lost mutation: You have an increased reservoir of magic (+10% MP). [Jiyva's grace]
  1839 | D        | Killed a human
  1840 | D        | Gained mutation: You can spit poison. [Jiyva's grace]
  1916 | D        | Noticed a rakshasa
  1916 | D        | Noticed a giant orange brain
  1916 | D        | Noticed a tarantella
  1916 | D        | Noticed a slime creature
  1916 | D        | Noticed a rakshasa
  1916 | D        | Noticed a minotaur
  1916 | D        | Noticed a spriggan defender
  1919 | D        | a giant orange brain changed into a cyclops
  1925 | D        | Killed a rakshasa
  1927 | D        | Killed a tarantella
  1928 | D        | Killed a slime creature
  1933 | D        | Noticed an iron dragon
  1935 | D        | Noticed an ice dragon
  1937 | D        | Noticed an ice dragon
  1937 | D        | Noticed a great orb of eyes
  1937 | D        | Gained mutation: You are resistant to electric shocks. [Jiyva's grace]
  1938 | D        | Killed a rakshasa
  1942 | D        | Killed a minotaur
  1945 | D        | Noticed a deep troll earth mage
  1949 | D        | Killed a spriggan defender
  1949 | D        | Reached skill level 10 in Armour
  1959 | D        | Killed an iron dragon
  1962 | D        | Killed an ice dragon
  1965 | D        | Noticed a yaktaur captain
  1966 | D        | Noticed a great orb of eyes
  1967 | D        | Noticed a great orb of eyes
  1968 | D        | Killed a deep troll earth mage
  1969 | D        | Noticed a necromancer
  1970 | D        | Noticed a death yak
  1973 | D        | Killed a yaktaur captain
  1975 | D        | Noticed a vampire knight
  1975 | D        | Lost mutation: You can breathe flames. [Jiyva's grace]
  1976 | D        | Noticed a stone giant
  1976 | D        | Lost mutation: Your spells are a little harder to cast, but a little more powerful. [Jiyva's grace]
  1978 | D        | Killed a vampire knight
  1978 | D        | Lost mutation: You can spit poison. [Jiyva's grace]
  1978 | D        | Gained mutation: You have a small jelly attached to you that may absorb incoming projectiles. [Jiyva's grace]
  1978 | D        | Gained mutation: You are weak. (Str -2) [Jiyva's grace]
  1980 | D        | Killed a necromancer
  1981 | D        | Gained mutation: You are partially covered in thin metallic scales (AC +2). [Jiyva's grace]
  1987 | D        | Killed a death yak
  1991 | D        | Killed a stone giant
  1991 | D        | Reached XP level 14. HP: 62/162 MP: 5/5
  1995 | D        | Gained mutation: You regenerate. [Jiyva's grace]
  1995 | D        | Gained mutation: You have acidic saliva. [Jiyva's grace]
  1997 | D        | Noticed an ironbrand convoker
  1997 | D        | Noticed a yaktaur
  1997 | D        | Noticed a yaktaur
  1997 | D        | Noticed a red wasp
  1997 | D        | Noticed a vault warden
  1997 | D        | Noticed a centaur warrior
  1997 | D        | Noticed a slime creature
  2000 | D        | Killed an ironbrand convoker
  2001 | D        | Noticed a yaktaur captain
  2002 | D        | Killed a yaktaur
  2003 | D        | Noticed a griffon
  2003 | D        | Killed a slime creature
  2005 | D        | Killed a yaktaur
  2008 | D        | Killed a red wasp
  2008 | D        | Gained mutation: You are agile. (Dex +2) [Jiyva's grace]
  2008 | D        | Gained mutation: You are robust (+10% HP). [Jiyva's grace]
  2012 | D        | Noticed an ogre mage
  2013 | D        | Killed a vault warden
  2014 | D        | Noticed an ironbrand convoker
  2015 | D        | Noticed a stone giant
  2015 | D        | Gained mutation: Your skin is partially translucent. [Jiyva's grace]
  2016 | D        | Killed a centaur warrior
  2016 | D        | Reached skill level 26 in Unarmed Combat
  2017 | D        | Noticed a vault warden
  2018 | D        | Lost mutation: You are weak. (Str -2) [Jiyva's grace]
  2020 | D        | Noticed a red very ugly thing
  2020 | D        | Killed a yaktaur captain
  2020 | D        | Gained mutation: Your spells are a little harder to cast, but a little more powerful. [Jiyva's grace]
  2021 | D        | Gained mutation: Your skin is mostly translucent (Stealth). [Jiyva's grace]
  2022 | D        | Noticed an ironbrand convoker
  2024 | D        | Killed a griffon
  2024 | D        | Gained mutation: Armour fits poorly on your pseudopods. [Jiyva's grace]
  2027 | D        | Killed an unseen horror
  2029 | D        | Lost mutation: Your spells are a little harder to cast, but a little more powerful. [Jiyva's grace]
  2030 | D        | Killed an ogre mage
  2031 | D        | Lost mutation: You are partially covered in iridescent scales (AC +4). [Jiyva's grace]
  2032 | D        | Killed an ironbrand convoker
  2034 | D        | Gained mutation: You passively map a small area around you. [Jiyva's grace]
  2034 | D        | Gained mutation: You have large cloven feet. [Jiyva's grace]
  2035 | D        | Killed a stone giant
  2036 | D        | Lost mutation: Armour fits poorly on your pseudopods. [Jiyva's grace]
  2036 | D        | Gained mutation: Thin tendrils of slime have grown from your body. [Jiyva's grace]
  2039 | D        | Noticed a freezing wraith
  2042 | D        | Killed a vault warden
  2045 | D        | Killed a red very ugly thing
  2045 | D        | Lost mutation: You have a small jelly attached to you that senses nearby items. [Jiyva's grace]
  2047 | D        | Noticed Norris
  2047 | D        | Noticed a vampire knight
  2047 | D        | Noticed a deep elf death mage
  2047 | D        | Noticed an Orb Guardian
  2057 | D        | Killed a great orb of eyes
  2065 | D        | Killed a great orb of eyes
  2068 | D        | Killed from afar by Norris

Action                   |  1- 3 |  4- 6 |  7- 9 | 10-12 | 13-15 || total
-------------------------+-------+-------+-------+-------+-------++-------
Melee: Unarmed           |    36 |    12 |    64 |   193 |   164 ||   469
Throw: Large rock        |       |       |       |     6 |       ||     6
Invok: Request Jelly     |     2 |       |     1 |     4 |     4 ||    11
       Slimify           |       |       |     1 |     1 |       ||     2
  Use: Potion            |     1 |     3 |     2 |     7 |    10 ||    23
       Scroll            |       |       |     1 |     6 |     1 ||     8
 Stab: Invisible         |       |       |     3 |       |       ||     3
       Confused          |       |       |       |     1 |     1 ||     2
       Distracted        |       |       |       |       |     1 ||     1
       Paralysed         |       |       |       |       |     1 ||     1
  Eat: Chunk             |     7 |       |       |     5 |       ||    12
